 Dungeon Crawl Stone Soup version 0.16-a0-357-g0c033bd (webtiles) character file.

667 PolkaDot the Poker (level 7, -2/51 HPs)
             Began as a Vampire Chaos Knight on Sept 10, 2014.
             Was a Plaything of Xom.
             Slain by an ooze (3 damage)
             ... on Level 5 of the Dungeon.
             The game lasted 00:10:19 (3381 turns).

PolkaDot the Poker (Vampire Chaos Knight)           Turns: 3381, Time: 00:10:19

HP  -2/51        AC  7     Str 11      XL: 7   Next: 31%
MP   7/7         EV 11     Int 14      God: Xom
Gold 242         SH  0     Dex 15      Spells:  0 memorised,  6 levels left

rFire  + . .     SeeInvis +     y - +0 quarterstaff
rCold  x . .     Clarity  .     b - +2 leather armour
rNeg   . . .     rCorr    +     (no shield)
rPois  .         rRot     .     (no helmet)
rElec  .         Spirit   .     p - +0 cloak
SustAb .         Warding  .     (no gloves)
rMut   .         Stasis   .     s - +0 pair of boots
Gourm  .                        u - amulet of resist corrosion
MR     .....                    (no ring)
                                v - ring of fire

@: lethally poisoned, weakened, regenerating quickly, not resistant to hostile
enchantments, very unstealthy
A: bottle blood, fangs 3, see invisible, unbreathing
a: Bottle Blood, Renounce Religion


You were on level 5 of the Dungeon.
You worshipped Xom.
You were a very special plaything of Xom.
You were very full.

You visited 1 branch of the dungeon, and saw 5 of its levels.

You collected 242 gold pieces.

Inventory:

Hand weapons
 y - a +0 quarterstaff (weapon)
Armour
 b - a +2 leather armour (worn)
 p - a +0 cloak (worn)
 s - a +0 pair of boots (worn)
Magical devices
 d - a wand of digging (2)
 t - a wand of slowing (13) {unknown}
 w - a wand of disintegration (12) {unknown}
 x - a wand of lightning (8) {god gift, unknown}
Scrolls
 c - a scroll of recharging {unknown}
 e - a scroll of enchant weapon {unknown}
 f - a scroll of enchant armour {unknown}
 g - a scroll of magic mapping {unknown}
 i - a scroll of noise {unknown}
 m - a scroll of fear {unknown}
 n - a scroll of remove curse {unknown}
 q - a scroll of amnesia {unknown}
 r - a scroll of immolation {unknown}
Jewellery
 u - an amulet of resist corrosion (around neck)
 v - a ring of fire (left hand)
Potions
 h - 2 potions of confusion {!q}
 j - 2 potions of curing


   Skills:
 - Level 2.6 Fighting
   Level 6.6(7.1) Polearms
 + Level 3.4(5.2) Staves
 - Level 0.7 Armour
 - Level 2.1 Dodging


You had 6 spell levels left.
You didn't know any spells.

Dungeon Overview and Level Annotations

Branches:
Dungeon (5/15)             Temple (0/1) D:4

Altars:
Fedhas
Makhleb
Okawaru
Sif Muna
The Shining One

Annotations:
D:5 Pikel, Prince Ribbit


Innate Abilities, Weirdness & Mutations

Your natural rate of healing is unusually fast.
You can bottle blood from corpses.
You have razor-sharp teeth.
You have supernaturally acute eyesight.
You can survive without breathing.


Message History

Drink which item? (? for menu, Esc to quit)
You feel much better.
You are covered in liquid flames!
* * * LOW HITPOINT WARNING * * *
x2 You feel very sick.
The smoke demon closely misses you.
The smoke demon hits you but does no damage. x2
You are covered in liquid flames!
* * * LOW HITPOINT WARNING * * *
x2 You feel sick.
* * * LOW HITPOINT WARNING * * *
You feel sick.
Prince Ribbit blinks!
The ooze closely misses you.
* * * LOW HITPOINT WARNING * * *
You feel sick. The smoke demon gestures at you. Something smites you!
* * * LOW HITPOINT WARNING * * *
The ooze hits you.
You die...
Xom giggles madly!

#.##.......##.
..###......#.. . #.#
#......#.# ... #.#
#......#.#
#....#.###.....Z#.######.
#.............[.p.p.K....
##########.#####.###....#
#ยง.# #J# # #J@## ..#
###3b.# #.#. ##.....#
#... #.3#4..##..>##
###.#...F....#
#...#.........$.##
#............##
#..####.)...## #...
##...##


You could see an orange demon, Prince Ribbit, 2 smoke demons, an ooze and a bat.

Vanquished Creatures
  Grinder (D:4)
  A hound (D:4)
  3 worker ants (D:4)
  An orc wizard (D:3)
  Natasha (thrice) (D:3)
  An ogre skeleton (D:4)
  7 adders
  A giant mite (D:2)
  2 worms
  3 orcs
  2 ball pythons
  5 bats
  7 goblins
  4 hobgoblins
  14 kobolds
  An ooze (D:3)
  A quokka (D:4)
  A giant cockroach (D:2)
  3 giant newts
  4 jackals
  9 rats
74 creatures vanquished.

Vanquished Creatures (collateral kills)
  The ghost of wvc the Soul Tainter, an average OgDK of Yredelemnul (D:3)
  A centaur zombie (D:3)
  A bat (D:2)
  A hobgoblin (D:3)
  2 jackals
6 creatures vanquished.

Vanquished Creatures (others)
  2 orcs (D:3)
  A hobgoblin zombie (D:3)
3 creatures vanquished.

Grand Total: 83 creatures vanquished

Notes
Turn   | Place    | Note
--------------------------------------------------------------
     0 | D:1      | PolkaDot, the Vampire Chaos Knight, began the quest for the Orb.
     0 | D:1      | Reached XP level 1. HP: 17/17 MP: 1/1
     6 | D:1      | Noticed a worker ant
     6 | D:1      | Noticed a salamander
     6 | D:1      | Noticed a hog
     6 | D:1      | Noticed a swamp drake
     6 | D:1      | XOM: divination: detect creatures
   106 | D:1      | Found a glowing golden altar of the Shining One.
   116 | D:1      | Reached skill level 3 in Polearms
   256 | D:1      | XOM: divination: detect creatures
   284 | D:1      | XOM is BORED!
   284 | D:1      | XOM: severe Chrm miscast
   650 | D:2      | Reached XP level 2. HP: 23/23 MP: 2/2
   711 | D:2      | Found a blossoming altar of Fedhas.
   794 | D:2      | Found a deep blue altar of Sif Muna.
   837 | D:2      | XOM: summons friendly white imp
   881 | D:2      | XOM: 6-stop teleportation journey
   912 | D:2      | Reached XP level 3. HP: 25/28 MP: 3/3
   951 | D:2      | XOM: 1-stop teleportation journey
  1036 | D:2      | Reached skill level 4 in Polearms
  1332 | D:3      | XOM: fake destruction
  1360 | D:3      | Reached XP level 4. HP: 18/34 MP: 4/4
  1416 | D:3      | Found a burning altar of Makhleb.
  1525 | D:3      | Reached skill level 5 in Polearms
  1588 | D:3      | Noticed Natasha
  1589 | D:3      | Noticed wvc's ghost (average OgDK)
  1601 | D:3      | Killed Natasha
  1601 | D:3      | Reached XP level 5. HP: 39/39 MP: 5/5
  1603 | D:3      | XOM: cast spell 'Summon Dragon'
  1607 | D:3      | Killed wvc's ghost
  1614 | D:3      | XOM: colour smoke trail
  1626 | D:3      | Reached skill level 6 in Polearms
  1875 | D:3      | Noticed Natasha
  1875 | D:3      | XOM: mild Tloc miscast
  1877 | D:3      | Killed Natasha
  1877 | D:3      | Reached XP level 6. HP: 27/46 MP: 6/6
  1967 | D:3      | Noticed Natasha
  1976 | D:3      | Killed Natasha
  2221 | D:4      | Found a staircase to the Ecumenical Temple.
  2221 | D:4      | Found an iron altar of Okawaru.
  2818 | D:3      | XOM: god gift: curved glass wand {god gift}
  3112 | D:4      | Noticed Grinder
  3120 | D:4      | Paralysed by Grinder for 3 turns
  3131 | D:4      | Killed Grinder
  3131 | D:4      | Reached XP level 7. HP: 48/51 MP: 7/7
  3162 | D:4      | XOM: mild Ice miscast
  3292 | D:5      | Entered Level 5 of the Dungeon
  3295 | D:5      | Noticed Pikel
  3322 | D:5      | Noticed Prince Ribbit
  3373 | D:5      | XOM: summons 3 hostile demons
  3374 | D:5      | Noticed a smoke demon
  3374 | D:5      | Noticed an orange demon
  3374 | D:5      | Noticed a smoke demon
  3381 | D:5      | HP: 1/51 [smoke demon/divine providence[Xom] (12)]
  3381 | D:5      | Slain by an ooze

Action                   |  1- 3 |  4- 6 |  7- 9 || total
-------------------------+-------+-------+-------++-------
Melee: Spear             |   136 |   136 |       ||   272
       Quarterstaff      |       |    26 |    21 ||    47
  Use: Potion            |     3 |     1 |     2 ||     6
       Scroll            |       |       |     5 ||     5
 Stab: Sleeping          |     1 |     1 |       ||     2
       Invisible         |     3 |       |       ||     3
       Confused          |       |     2 |       ||     2
  Eat: Corpse            |     9 |    18 |     2 ||    29
